 Dungeon Sprint DCSS version 0.30.1-1-g62c8e00024 (webtiles) character file.

Game seed: 6996939597803126715

8700000 boopmooplesden the Axe Maniac (level 27, 0/215 (249) HPs)
             Began as a Demonspawn Gladiator on July 17, 2023.
             Was the Champion of Makhleb.
             Killed from afar by a wretched soul (67 damage)
             ... with a bolt of negative energy
             ... in the Dungeon (Sprint VIII: "Arena of Blood").
             The game lasted 00:05:29 (87 turns).

boopmooplesden the Axe Maniac (Demonspawn Gladiator)  Turns: 87, Time: 00:05:29

HP:   0/215 (249)   AC:  9    Str: 27    XL:     27
MP:   0/50          EV: 33    Int: 10    God:    Makhleb [******]
Gold: 0             SH:  0    Dex: 16    Spells: 72/72 levels left

rFire   . . .        l - +โˆž Axe of Woe
rCold   . . .        (shield currently unavailable)
rNeg    . . .        b - +0 leather armour
rPois   .            (helmet unavailable)
rElec   .            (no cloak)
rCorr   .            (no gloves)
SInv    +            (no boots)
Will    ++...        (no amulet)
Stlth   +++++++++    m - +30 ring of slaying
HPRegen 0.55/turn    (no ring)
MPRegen 0.64/turn

%: no teleportation, guardian spirit
@: mighty, agile, slowed, heavily drained, very slow
A: antennae 3, powered by pain 3, magic shield, magic regeneration, magic link,
sharp scales 3, corrupting presence 2, word of chaos
a: Word of Chaos, Renounce Religion, Minor Destruction, Lesser Servant of
Makhleb, Major Destruction, Greater Servant of Makhleb


You were in the Dungeon.
You worshipped Makhleb.
Makhleb was exalted by your worship.
You visited 1 branch

Inventory:

Hand Weapons
 a - a +0 war axe
 l - the +โˆž Axe of Woe (weapon)
   (You found it in the Dungeon)
Missiles
 d - 3 throwing nets (quivered)
 e - a javelin
Armour
 b - a +0 leather armour (worn)
 c - a +0 helmet
Jewellery
 m - a +30 ring of slaying (left hand)
 n - a +30 ring of slaying
Scrolls
 k - a scroll of blinking
Potions
 f - a potion of curing
 g - a potion of heal wounds
 h - a potion of haste
 i - 2 potions of magic
 j - a potion of berserk rage


   Skills:
 O Level 27 Fighting
 + Level 24.3(27) Short Blades
 + Level 23.2(27) Long Blades
 O Level 27 Axes
 + Level 23.3(27) Maces & Flails
 + Level 23.2(27) Polearms
 + Level 23.3(27) Staves
 + Level 23.3 Ranged Weapons
 O Level 27 Throwing
 + Level 23.3 Armour
 O Level 27 Dodging
 O Level 27 Stealth
 + Level 23.2 Shields
 + Level 23.3 Unarmed Combat
 + Level 23.3 Spellcasting
 + Level 25.2 Conjurations
 O Level 27 Hexes
 + Level 26.2 Summonings
 O Level 27 Necromancy
 + Level 24.3 Translocations
 + Level 24.3 Transmutations
 + Level 25.6 Fire Magic
 + Level 25.6 Ice Magic
 + Level 25.6 Air Magic
 + Level 25.6 Earth Magic
 O Level 27 Poison Magic
 O Level 27 Invocations
 O Level 27 Evocations


You had 72 spell levels left.
You didn't know any spells.
Your spell library was empty.

Dungeon Overview and Level Annotations

Branches:
Dungeon (1/1)

Altars:
Makhleb


Innate Abilities, Weirdness & Mutations

You have a pair of large antennae on your head. (SInv)
You are powered by pain.
When hurt, damage is shared between your health and your magic reserves.
You regenerate magic rapidly.
When low on magic, you restore magic in place of health.
You are completely covered in razor-sharp scales. (AC +3, Slay +3)
Your presence sometimes corrodes or deforms those you injure.
You can speak a Word of Chaos.


Message History

You hear a shout! x2
The wretched soul breathes negative energy at you.
The bolt of negative energy hits you!!!
You feel drained.
You focus on the pain.
You feel mightier all of a sudden.
Your life force feels restored.
Your Conjurations skill increases to level 25!
You hear a shout! x3
The wretched soul misses you.
The wretched soul breathes negative energy at you.
The bolt of negative energy misses you.
You hear a shout! x2
The wretched soul hits you.
The eight-headed meat hydra calls on the powers of darkness!
The eight-headed meat hydra convulses!
Your body is wracked with pain!
You focus on the pain.
You feel your power returning.
Things that are here:
a +9 war axe; a +30 ring of slaying; a bag of meat corpse You open the wretched soul like a pillowcase!!!
You pulverise the wretched soul into a thin bloody mist.
You destroy the wretched soul!
Makhleb accepts your kill.
You feel better.
You hear a shout! x9
The wretched soul breathes negative energy at you.
The bolt of negative energy hits you!!!
You feel drained.
You focus on the pain.
You feel your power returning.
You hear a shout! x4
Your life force feels restored.
You hear a shout! x5
The wretched soul completely misses you.
The eight-headed meat hydra calls on the powers of darkness!
The eight-headed meat hydra convulses!
Your body is wracked with pain!
* * * LOW HITPOINT WARNING * * *
The wretched soul hits you but does no damage.
You hear a shout! x3
The wretched soul breathes negative energy at you.
The bolt of negative energy hits you!!!!
You feel drained.
You die...

##### =. .....#### ...
......####
.##.#####......####
...............).....###
...##.##......))........
............)))W@WD.....
.....#.#.....))#.W......
.........)..)####.......
.......))))).ยง...W......
......)).)))..o.....#...
.....))).)..............
.....))).......2....#...
#....)))#..............
#.....))#..........


You could see an eight-headed meat hydra and 4 wretched souls.

Vanquished Creatures
  2 hell beasts (D)
  2 royal mummies (D)
  Harold (D)
  9 vampire knights (D)
  26 ogres (D)
  4 two-headed ogres (D)
  4 liches (D)
  2 phantoms (D)
  60 orcs (D)
  6 skeletal warriors (D)
116 creatures vanquished.

Notes
Turn   | Place    | Note
-------+----------+-------------------------------------------
     0 | D        | Found the +โˆž Axe of Woe
     0 | D        | boopmooplesden the Demonspawn Gladiator began the quest for
                  | the Orb.
     0 | D        | Reached XP level 1. HP: 16/16 MP: 1/1
     2 | D        | Noticed a bag of meat
     2 | D        | Noticed a bag of meat
     3 | D        | Noticed a bag of meat
     3 | D        | Noticed a bag of meat
     4 | D        | Became a worshipper of Makhleb the Destroyer
     4 | D        | Noticed a bag of meat
     4 | D        | Noticed a bag of meat
     5 | D        | Noticed a meat berserker
     5 | D        | Noticed a bag of meat
     7 | D        | Killed a bag of meat
     7 | D        | Killed a meat berserker
     7 | D        | Reached * piety under Makhleb
     7 | D        | Noticed a bag of meat
     7 | D        | Noticed a meat berserker
     7 | D        | Noticed a bag of meat
     8 | D        | Reached skill level 10 in Throwing
     8 | D        | Gained mutation: You are partially covered in razor-sharp
                  | scales. (AC +1, Slay +1) [demonic ancestry]
     8 | D        | Reached XP level 2. HP: 38/38 MP: 2/2
     8 | D        | Gained mutation: You have a pair of small antennae on your
                  | head. [demonic ancestry]
     8 | D        | Reached XP level 3. HP: 44/44 MP: 3/3
     8 | D        | Reached XP level 4. HP: 51/51 MP: 4/4
     8 | D        | Reached XP level 5. HP: 57/57 MP: 5/5
     8 | D        | Gained mutation: You regenerate magic rapidly. [demonic
                  | ancestry]
     8 | D        | Reached XP level 6. HP: 64/64 MP: 6/6
     8 | D        | Gained mutation: You have a pair of antennae on your head.
                  | [demonic ancestry]
     8 | D        | Reached XP level 7. HP: 69/69 MP: 7/7
     8 | D        | Gained mutation: You have a pair of large antennae on your
                  | head. (SInv) [demonic ancestry]
     8 | D        | Reached XP level 8. HP: 76/76 MP: 8/8
     8 | D        | Reached XP level 9. HP: 82/82 MP: 9/9
     8 | D        | Gained mutation: When hurt, damage is shared between your
                  | health and your magic reserves. [demonic ancestry]
     8 | D        | Reached XP level 10. HP: 89/89 MP: 10/10
     8 | D        | Reached XP level 11. HP: 95/95 MP: 11/11
     8 | D        | Gained mutation: You are mostly covered in razor-sharp
                  | scales. (AC +2, Slay +2) [demonic ancestry]
     8 | D        | Reached XP level 12. HP: 102/102 MP: 12/12
     8 | D        | Killed a bag of meat
     8 | D        | Killed a bag of meat
     9 | D        | Gained mutation: You sometimes gain a little power by
                  | taking damage. [demonic ancestry]
     9 | D        | Reached XP level 13. HP: 111/111 MP: 13/13
     9 | D        | Noticed a meat berserker
    10 | D        | Killed a bag of meat
    10 | D        | Reached ** piety under Makhleb
    10 | D        | Killed a bag of meat
    11 | D        | Reached XP level 14. HP: 121/121 MP: 14/14
    11 | D        | Killed a bag of meat
    11 | D        | Killed a bag of meat
    11 | D        | Reached *** piety under Makhleb
    11 | D        | Noticed a bag of meat
    12 | D        | Reached skill level 15 in Fighting
    12 | D        | Killed a bag of meat
    12 | D        | Killed a meat berserker
    12 | D        | Noticed a bag of meat
    13 | D        | Gained mutation: You sometimes gain power by taking damage.
                  | [demonic ancestry]
    13 | D        | Reached XP level 15. HP: 134/134 MP: 15/15
    13 | D        | Noticed a meat berserker
    13 | D        | Noticed a meat berserker
    14 | D        | Noticed a meat berserker
    15 | D        | Killed a meat berserker
    15 | D        | Reached **** piety under Makhleb
    16 | D        | Reached skill level 27 in Axes
    17 | D        | Reached skill level 15 in Throwing
    17 | D        | Reached skill level 27 in Dodging
    17 | D        | Gained mutation: When low on magic, you restore magic in
                  | place of health. [demonic ancestry]
    17 | D        | Reached XP level 16. HP: 150/150 MP: 16/16
    18 | D        | Killed a meat berserker
    18 | D        | Reached ***** piety under Makhleb
    19 | D        | Killed a meat berserker
    20 | D        | Reached skill level 27 in Fighting
    20 | D        | Noticed a meat berserker
    21 | D        | Killed a meat berserker
    22 | D        | Reached XP level 17. HP: 174/174 MP: 17/17
    22 | D        | Noticed a meat berserker
    23 | D        | Reached skill level 27 in Throwing
    23 | D        | Reached ****** piety under Makhleb
    23 | D        | Noticed a large bag of meat
    24 | D        | Reached XP level 18. HP: 182/182 MP: 18/18
    26 | D        | Noticed a destroyer
    26 | D        | Noticed a meat berserker
    27 | D        | Killed a meat berserker
    27 | D        | Killed a meat berserker
    27 | D        | Noticed a meat berserker
    28 | D        | Reached skill level 27 in Stealth
    30 | D        | Killed a large bag of meat
    31 | D        | Noticed a destroyer
    31 | D        | Noticed a meat berserker
    32 | D        | Noticed a destroyer
    32 | D        | Noticed a sculptor of flesh
    32 | D        | Noticed a meat berserker
    33 | D        | Killed a meat berserker
    34 | D        | Reached skill level 10 in Invocations
    34 | D        | Reached XP level 19. HP: 189/189 MP: 17/28
    34 | D        | Killed a destroyer
    34 | D        | Killed a meat berserker
    35 | D        | Noticed a large bag of meat
    35 | D        | Noticed a large bag of meat
    36 | D        | Reached XP level 20. HP: 197/197 MP: 17/32
    37 | D        | Reached skill level 10 in Hexes
    37 | D        | Reached skill level 10 in Necromancy
    37 | D        | Reached skill level 10 in Poison Magic
    37 | D        | Reached skill level 10 in Evocations
    37 | D        | Killed a meat berserker
    38 | D        | Reached skill level 10 in Fire Magic
    38 | D        | Reached skill level 10 in Ice Magic
    38 | D        | Reached skill level 10 in Air Magic
    38 | D        | Reached skill level 10 in Earth Magic
    38 | D        | Killed a destroyer
    39 | D        | Reached skill level 10 in Short Blades
    39 | D        | Reached skill level 10 in Long Blades
    39 | D        | Reached skill level 10 in Maces & Flails
    39 | D        | Reached skill level 10 in Polearms
    39 | D        | Reached skill level 10 in Staves
    39 | D        | Reached skill level 10 in Ranged Weapons
    39 | D        | Reached skill level 10 in Armour
    39 | D        | Reached skill level 10 in Shields
    39 | D        | Reached skill level 10 in Unarmed Combat
    39 | D        | Reached skill level 10 in Spellcasting
    39 | D        | Reached skill level 10 in Conjurations
    39 | D        | Reached skill level 10 in Summonings
    39 | D        | Reached skill level 10 in Translocations
    39 | D        | Reached skill level 10 in Transmutations
    39 | D        | Reached skill level 15 in Invocations
    39 | D        | Killed a meat berserker
    39 | D        | Noticed a destroyer
    40 | D        | Gained mutation: You are powered by pain. [demonic
                  | ancestry]
    40 | D        | Reached XP level 21. HP: 204/204 MP: 20/35
    40 | D        | Noticed a destroyer
    41 | D        | Killed a destroyer
    45 | D        | Noticed an accursed
    45 | D        | Killed a destroyer
    45 | D        | Killed a large bag of meat
    46 | D        | Reached skill level 15 in Hexes
    46 | D        | Reached skill level 15 in Necromancy
    46 | D        | Reached skill level 15 in Poison Magic
    46 | D        | Reached skill level 15 in Evocations
    46 | D        | Reached XP level 22. HP: 189/212 MP: 22/38
    47 | D        | Killed a destroyer
    47 | D        | Noticed a tyrant
    48 | D        | Reached skill level 15 in Conjurations
    48 | D        | Reached skill level 15 in Summonings
    48 | D        | Reached skill level 15 in Fire Magic
    48 | D        | Reached skill level 15 in Ice Magic
    48 | D        | Reached skill level 15 in Air Magic
    48 | D        | Reached skill level 15 in Earth Magic
    48 | D        | Killed a large bag of meat
    49 | D        | Noticed a destroyer
    49 | D        | Noticed a destroyer
    50 | D        | Reached XP level 23. HP: 210/219 MP: 36/41
    50 | D        | Noticed a tyrant
    50 | D        | Noticed a large bag of meat
    51 | D        | Killed an accursed
    52 | D        | Reached skill level 15 in Short Blades
    52 | D        | Reached skill level 15 in Long Blades
    52 | D        | Reached skill level 15 in Maces & Flails
    52 | D        | Reached skill level 15 in Polearms
    52 | D        | Reached skill level 15 in Staves
    52 | D        | Reached skill level 15 in Ranged Weapons
    52 | D        | Reached skill level 15 in Armour
    52 | D        | Reached skill level 15 in Shields
    52 | D        | Reached skill level 15 in Unarmed Combat
    52 | D        | Reached skill level 15 in Spellcasting
    52 | D        | Reached skill level 15 in Translocations
    52 | D        | Reached skill level 15 in Transmutations
    53 | D        | Killed a tyrant
    54 | D        | Gained mutation: Your presence sometimes corrodes those you
                  | injure. [demonic ancestry]
    54 | D        | Reached XP level 24. HP: 224/227 MP: 40/43
    55 | D        | Killed a destroyer
    56 | D        | Killed a destroyer
    57 | D        | Noticed The Servant
    59 | D        | Gained mutation: You are completely covered in razor-sharp
                  | scales. (AC +3, Slay +3) [demonic ancestry]
    59 | D        | Reached XP level 25. HP: 234/234 MP: 44/44
    59 | D        | Noticed a destroyer
    59 | D        | Noticed a destroyer
    60 | D        | Reached skill level 27 in Invocations
    62 | D        | Killed a destroyer
    63 | D        | Killed a large bag of meat
    65 | D        | Killed a tyrant
    67 | D        | Gained mutation: Your presence sometimes corrodes or
                  | deforms those you injure. [demonic ancestry]
    67 | D        | Reached XP level 26. HP: 178/242 MP: 14/46
    67 | D        | Noticed a meat beast
    68 | D        | Noticed a tyrant
    68 | D        | Noticed an accursed
    70 | D        | Noticed a tyrant
    71 | D        | Noticed a meat beast
    71 | D        | Noticed a destroyer
    72 | D        | Killed a meat beast
    73 | D        | Gained mutation: You can speak a Word of Chaos. [demonic
                  | ancestry]
    73 | D        | Reached XP level 27. HP: 203/249 MP: 10/47
    74 | D        | Killed The Servant
    75 | D        | Killed a destroyer
    75 | D        | Noticed a meat beast
    77 | D        | Killed an accursed
    78 | D        | Killed a tyrant
    79 | D        | Killed a meat beast
    80 | D        | Reached skill level 27 in Hexes
    80 | D        | Reached skill level 27 in Necromancy
    80 | D        | Reached skill level 27 in Poison Magic
    80 | D        | Reached skill level 27 in Evocations
    81 | D        | Noticed a meat beast
    82 | D        | Killed a tyrant
    87 | D        | Killed from afar by a wretched soul

Illustrated notes

Levels and vault maps discovered:
D:        meatsprint

Skill      XL: |  1  2  3  4  5  6  7  8  9 10 11 12 13 14 15 16 17 18 19 20 21 22 23 24 25 26 27 |
---------------+----------------------------------------------------------------------------------+-----
Fighting       | 11 13 14 17 20 27 | 27.0
Axes           | 19 21 23 26 27 | 27.0
Throwing       | 10 11 12 13 15 26 27 | 27.0
Dodging        | 18 20 21 24 27 | 27.0
Stealth        | 21 27 | 27.0
Short Blades   | 6 8 10 12 14 16 17 19 21 24 | 24.3
Long Blades    | 6 8 10 12 14 16 17 19 20 23 | 23.2
Maces & Flails | 6 8 10 12 14 16 17 19 20 23 | 23.3
Polearms       | 6 8 10 12 14 16 17 19 20 23 | 23.2
Staves         | 6 8 10 12 14 16 17 19 20 23 | 23.3
Ranged Weapons | 6 8 10 12 14 16 17 19 20 23 | 23.3
Armour         | 6 8 10 12 14 16 17 19 20 23 | 23.3
Shields        | 6 8 10 12 14 16 17 19 20 23 | 23.2
Unarmed Combat | 6 8 10 12 14 16 17 19 20 23 | 23.3
Spellcasting   | 6 8 10 12 14 16 17 19 20 23 | 23.3
Conjurations   | 6 8 11 14 16 17 19 21 22 25 | 25.2
Hexes          | 7 9 12 15 17 19 21 23 24 27 | 27.0
Summonings     | 6 8 11 14 16 17 19 21 23 26 | 26.2
Necromancy     | 7 9 12 15 17 19 20 23 25 27 | 27.0
Translocations | 6 8 10 12 14 16 17 19 21 24 | 24.3
Transmutations | 6 8 10 12 14 16 17 19 21 24 | 24.3
Fire Magic     | 6 9 11 14 16 18 19 21 23 25 | 25.6
Ice Magic      | 6 9 11 14 16 18 19 21 23 25 | 25.6
Air Magic      | 6 9 11 14 16 18 19 21 23 25 | 25.6
Earth Magic    | 6 9 11 14 16 18 19 21 23 25 | 25.6
Poison Magic   | 7 9 12 15 17 19 21 23 24 27 | 27.0
Invocations    | 10 12 16 19 22 24 26 27 | 27.0
Evocations     | 7 9 12 15 17 19 21 23 24 27 | 27.0

Action                     |  1- 3 |  4- 6 |  7- 9 | 10-12 | 13-15 | 16-18 | 19-21 | 22-24 | 25-27 || total
---------------------------+-------+-------+-------+-------+-------+-------+-------+-------+-------++-------
  Melee: Executioner's axe |     1 |       |       |     1 |     5 |    10 |    10 |    10 |    19 ||    56
 Armour: Leather armour    |       |       |       |       |       |       |       |       |     3 ||     3
  Dodge: Dodged            |       |       |       |       |       |       |       |       |     5 ||     5
